| TOP OF THE 1ST |
|
Greensboro Grasshoppers batting - Pitching for Atlanta (MID) Braves : RHP Jeremy Kasten
|
|
Pitching: RHP Jeremy Kasten
|
|
|
Batting: RHB Harrie de Kam
|
0-0: Called Strike 0-1: Called Strike 0-2: Strikes out swinging
|
|
Batting: RHB Erik Coleman
|
0-0: SINGLE (Groundball, 6D, EV 107.5 MPH)
|
|
Batting: RHB Miguel Velasco
|
0-0: Swinging Strike 0-1: Ball 1-1: Ball 2-1: Fielders Choice at 2nd, 3-6 (Groundball, 3, EV 91.2 MPH)
|
|
Batting: LHB Ryan Thompson
|
0-0: Ball 1-0: Swinging Strike 1-1: 2-RUN HOME RUN (Line Drive, 89XD, EV 111.2 MPH), Distance : 433 ft
|
|
Batting: RHB Andy Kelly
|
0-0: Ball 1-0: Ball 2-0: Swinging Strike 2-1: DOUBLE (Line Drive, 7LD, EV 114.4 MPH)
|
|
Batting: LHB Justin Blakely
|
0-0: Swinging Strike 0-1: Ball 1-1: Foul Ball, location: 2F 1-2: Foul Ball, location: 2F 1-2: Ball 2-2: Ball 3-2: Ground out 4-3 (Groundball, 4, EV 90.0 MPH)
|
| Top of the 1st over - 2 runs, 3 hits, 0 errors, 1 left on base; Greensboro 2 - Atlanta (MID) 0 |
| BOTTOM OF THE 1ST |
|
Atlanta (MID) Braves batting - Pitching for Greensboro Grasshoppers : RHP Ryan Weedon
|
|
Pitching: RHP Ryan Weedon
|
|
|
Batting: RHB Toki Takeuchi
|
0-0: SINGLE (Line Drive, 89M, EV 95.0 MPH)
|
|
Batting: RHB Joe Young
|
0-0: Ball 1-0: Ball Toki Takeuchi is caught stealing 2nd base 2-4 2-0: Foul Ball, location: 2F 2-1: Ball 3-1: Foul Ball, location: 2F 3-2: Foul Ball, location: 2F 3-2: SINGLE (Groundball, 56, EV 103.1 MPH)
|
|
Batting: LHB Ben Goldstein
|
0-0: Ball 1-0: Foul Ball, location: 2F 1-1: Ball 2-1: Called Strike Joe Young is caught stealing 2nd base 2-6 2-2: SINGLE (Line Drive, 56D, EV 95.0 MPH)
|
|
Batting: RHB Jose Ramos
|
0-0: Ball 1-0: Called Strike 1-1: Swinging Strike 1-2: Fielders Choice at 2nd, 6-4 (Groundball, 6, EV 90.6 MPH)
|
| Bottom of the 1st over - 0 runs, 3 hits, 0 errors, 1 left on base; Greensboro 2 - Atlanta (MID) 0 |
| TOP OF THE 2ND |
|
Greensboro Grasshoppers batting - Pitching for Atlanta (MID) Braves : RHP Jeremy Kasten
|
|
Batting: RHB J.D. Vander Klok
|
0-0: Called Strike 0-1: Ball 1-1: Called Strike 1-2: Strikes out swinging
|
|
Batting: RHB Wei-guo Tsu
|
0-0: Called Strike 0-1: Called Strike 0-2: Ball 1-2: Ball 2-2: Ball 3-2: Strikes out swinging
|
|
Batting: RHB Jason Thrash
|
0-0: Foul Ball, location: 2F 0-1: Ball 1-1: Swinging Strike 1-2: Ball 2-2: Foul Ball, location: 2F 2-2: Ball 3-2: Foul Ball, location: 2F 3-2: Fly out, F4 (Popup, 4S, EV 65.0 MPH)
|
| Top of the 2nd over - 0 runs, 0 hits, 0 errors, 0 left on base; Greensboro 2 - Atlanta (MID) 0 |
| BOTTOM OF THE 2ND |
|
Atlanta (MID) Braves batting - Pitching for Greensboro Grasshoppers : RHP Ryan Weedon
|
|
Batting: RHB Josh McCormick
|
0-0: Ball 1-0: Ball 2-0: Fly out, F9 (Flyball, 9D, EV 100.0 MPH)
|
|
Batting: RHB Brandon Burrell
|
0-0: Ball 1-0: Swinging Strike 1-1: Ball 2-1: Called Strike 2-2: Ball 3-2: Base on Balls
|
|
Batting: RHB Badr al Din Ridha
|
0-0: Ball 1-0: Ball 2-0: Ball 3-0: Base on Balls Brandon Burrell to second
|
|
Batting: SHB Ian Arlotta
|
0-0: Fielders Choice at 2nd, 6-4 (Groundball, 6, EV 78.1 MPH) Brandon Burrell to third
|
|
Batting: RHB Mike Shook
|
0-0: SINGLE (Line Drive, 8LS, EV 98.8 MPH) Brandon Burrell scores Ian Arlotta to second
|
|
Batting: RHB Toki Takeuchi
|
0-0: Ball 1-0: Ball 2-0: Ball 3-0: Called Strike 3-1: SINGLE (Groundball, 5D, EV 100.6 MPH) Ian Arlotta to third Mike Shook to second Runner from 3rd tries for Home, SAFE, throw by LF to home
|
|
Batting: RHB Joe Young
|
0-0: Ball 1-0: Ball 2-0: Called Strike 2-1: Hit by Pitch Mike Shook to third Toki Takeuchi to second
|
|
Batting: LHB Ben Goldstein
|
0-0: Ball 1-0: SINGLE (Flyball, 9LS, EV 90.0 MPH) Mike Shook scores Toki Takeuchi to third Joe Young to second Runner from 3rd tries for Home, SAFE, throw by RF to home
|
|
Batting: RHB Jose Ramos
|
0-0: Ball 1-0: Ball 2-0: Ball 3-0: Called Strike 3-1: Ground out 1-3 (Groundball, P, EV 67.5 MPH)
|
| Bottom of the 2nd over - 4 runs, 3 hits, 0 errors, 2 left on base; Greensboro 2 - Atlanta (MID) 4 |
| TOP OF THE 3RD |
|
Greensboro Grasshoppers batting - Pitching for Atlanta (MID) Braves : RHP Jeremy Kasten
|
|
Batting: RHB Harrie de Kam
|
0-0: Ground out 4-3 (Groundball, 4S, EV 88.1 MPH)
|
|
Batting: RHB Erik Coleman
|
0-0: Ball 1-0: Ball 2-0: SOLO HOME RUN (Flyball, 78XD, EV 105.6 MPH), Distance : 415 ft
|
|
Batting: RHB Miguel Velasco
|
0-0: Called Strike 0-1: Ball 1-1: SINGLE (Line Drive, 6M, EV 94.4 MPH)
|
|
Batting: LHB Ryan Thompson
|
0-0: Called Strike 0-1: Foul Ball, location: 2F 0-2: Strikes out swinging
|
|
Batting: RHB Andy Kelly
|
0-0: Ball 1-0: Swinging Strike 1-1: Swinging Strike 1-2: Strikes out swinging
|
| Top of the 3rd over - 1 run, 2 hits, 0 errors, 1 left on base; Greensboro 3 - Atlanta (MID) 4 |
| BOTTOM OF THE 3RD |
|
Atlanta (MID) Braves batting - Pitching for Greensboro Grasshoppers : RHP Ryan Weedon
|
|
Batting: RHB Josh McCormick
|
0-0: Ball 1-0: SINGLE (Groundball, 6D, EV 96.2 MPH)
|
|
Batting: RHB Brandon Burrell
|
0-0: Foul Ball, location: 2F 0-1: Foul Ball, location: 2F 0-2: Ball 1-2: Ball 2-2: Foul Ball, location: 2F 2-2: Ball 3-2: Base on Balls Josh McCormick to second
|
|
Batting: RHB Badr al Din Ridha
|
0-0: Ball 1-0: Fielders Choice at 2nd, 5-4 (Groundball, 56, EV 91.2 MPH) Josh McCormick to third
|
|
Batting: SHB Ian Arlotta
|
0-0: Ball 1-0: Swinging Strike 1-1: Ball 2-1: Foul Ball, location: 2F 2-2: Foul Ball, location: 2F 2-2: Ball Passed Ball! Josh McCormick scores Badr al Din Ridha to second 3-2: Base on Balls
|
|
Pitching: LHP Melvin Castro
|
|
|
Batting: RHB Mike Shook
|
0-0: Ball 1-0: Ball 2-0: Ball 3-0: Called Strike 3-1: Grounds into double play, 3-6-3 (Groundball, 34, EV 81.9 MPH)
|
| Bottom of the 3rd over - 1 run, 1 hit, 0 errors, 1 left on base; Greensboro 3 - Atlanta (MID) 5 |
| TOP OF THE 4TH |
|
Greensboro Grasshoppers batting - Pitching for Atlanta (MID) Braves : RHP Jeremy Kasten
|
|
Batting: LHB Justin Blakely
|
0-0: Ball 1-0: Ball 2-0: Called Strike 2-1: Called Strike 2-2: Strikes out looking
|
|
Batting: RHB J.D. Vander Klok
|
0-0: Called Strike 0-1: Foul Ball, location: 2F 0-2: Strikes out swinging
|
|
Batting: RHB Wei-guo Tsu
|
0-0: Ball 1-0: Called Strike 1-1: Foul Ball, location: 2F 1-2: Ground out 4-3 (Groundball, 4, EV 85.6 MPH)
|
| Top of the 4th over - 0 runs, 0 hits, 0 errors, 0 left on base; Greensboro 3 - Atlanta (MID) 5 |
| BOTTOM OF THE 4TH |
|
Atlanta (MID) Braves batting - Pitching for Greensboro Grasshoppers : LHP Melvin Castro
|
|
Batting: RHB Toki Takeuchi
|
0-0: Ball 1-0: Ground out 5-3 (Groundball, 56S, EV 78.1 MPH)
|
|
Batting: RHB Joe Young
|
0-0: Foul Ball, location: 2F 0-1: Ball 1-1: Ball 2-1: Ground out 5-3 (Groundball, 56S, EV 68.8 MPH)
|
|
Batting: LHB Ben Goldstein
|
0-0: Called Strike 0-1: Ball 1-1: Called Strike 1-2: Fly out, F8 (Flyball, 8LD, EV 88.8 MPH)
|
| Bottom of the 4th over - 0 runs, 0 hits, 0 errors, 0 left on base; Greensboro 3 - Atlanta (MID) 5 |
| TOP OF THE 5TH |
|
Greensboro Grasshoppers batting - Pitching for Atlanta (MID) Braves : RHP Jeremy Kasten
|
|
Batting: RHB Jason Thrash
|
0-0: Called Strike 0-1: SINGLE (Flyball, 8RS, EV 96.9 MPH)
|
|
Batting: RHB Harrie de Kam
|
0-0: Called Strike 0-1: Foul Ball, location: 2F 0-2: Ball 1-2: Ball 2-2: Foul Ball, location: 2F 2-2: Ball 3-2: SINGLE (Groundball, 6MD, EV 101.2 MPH) Jason Thrash to second
|
|
Batting: RHB Erik Coleman
|
0-0: Ground out 3-1 (Groundball, 13, EV 83.1 MPH) Jason Thrash to third Harrie de Kam to second
|
|
Batting: RHB Miguel Velasco
|
0-0: Ball 1-0: Ball 2-0: Called Strike 2-1: DOUBLE (Groundball, 5L, EV 101.2 MPH) Jason Thrash scores Harrie de Kam scores
|
|
Batting: LHB Ryan Thompson
|
0-0: Ball 1-0: Ground out 4-3 (Groundball, 4S, EV 85.0 MPH) Miguel Velasco to third
|
|
Batting: RHB Andy Kelly
|
0-0: Ball 1-0: Ball 2-0: Fly out, F7 (Flyball, 78S, EV 77.5 MPH)
|
| Top of the 5th over - 2 runs, 3 hits, 0 errors, 1 left on base; Greensboro 5 - Atlanta (MID) 5 |
| BOTTOM OF THE 5TH |
|
Atlanta (MID) Braves batting - Pitching for Greensboro Grasshoppers : LHP Melvin Castro
|
|
Batting: RHB Jose Ramos
|
0-0: Called Strike 0-1: Foul Ball, location: 2F 0-2: Ball 1-2: SINGLE (Groundball, 6D, EV 99.4 MPH)
|
|
Batting: RHB Josh McCormick
|
0-0: Ball 1-0: Ball 2-0: Ball 3-0: Called Strike 3-1: Foul Ball, location: 2F 3-2: Fielders Choice at 2nd, 6-4 (Groundball, 6, EV 83.8 MPH)
|
|
Batting: RHB Brandon Burrell
|
0-0: Ball 1-0: Swinging Strike 1-1: Ball 2-1: Foul Ball, location: 2F 2-2: Reached on error, E4 (Groundball, 4M, EV 105.0 MPH) Josh McCormick to second
|
|
Batting: RHB Badr al Din Ridha
|
0-0: Fly out, F9 (Flyball, 9, EV 87.5 MPH)
|
|
Batting: SHB Ian Arlotta
|
0-0: Ball 1-0: Foul Ball, location: 2F 1-1: Called Strike 1-2: SINGLE (Groundball, 6MD, EV 97.5 MPH) Josh McCormick to third Brandon Burrell to second Runner from 3rd tries for Home, SAFE, throw by CF to home
|
|
Batting: RHB Mike Shook
|
0-0: Swinging Strike 0-1: Ball 1-1: Called Strike 1-2: Ball 2-2: Foul Ball, location: 2F 2-2: Ball Passed Ball! Brandon Burrell to third Ian Arlotta to second 3-2: Foul Ball, location: 2F 3-2: Foul Ball, location: 2F 3-2: Strikes out looking
|
| Bottom of the 5th over - 1 run, 2 hits, 1 error, 2 left on base; Greensboro 5 - Atlanta (MID) 6 |
| TOP OF THE 6TH |
|
Greensboro Grasshoppers batting - Pitching for Atlanta (MID) Braves : RHP Jeremy Kasten
|
|
Batting: LHB Justin Blakely
|
0-0: Called Strike 0-1: Ball 1-1: Fly out, F3 (Line Drive, 3, EV 71.9 MPH)
|
|
Batting: RHB J.D. Vander Klok
|
0-0: Swinging Strike 0-1: Ball 1-1: Foul Ball, location: 2F 1-2: Strikes out looking
|
|
Batting: RHB Wei-guo Tsu
|
0-0: Ball 1-0: Ball 2-0: Ground out 6-3 (Groundball, 6, EV 90.6 MPH)
|
| Top of the 6th over - 0 runs, 0 hits, 0 errors, 0 left on base; Greensboro 5 - Atlanta (MID) 6 |
| BOTTOM OF THE 6TH |
|
Atlanta (MID) Braves batting - Pitching for Greensboro Grasshoppers : LHP Melvin Castro
|
|
Pitching: RHP James Bitner
|
|
|
Batting: RHB Toki Takeuchi
|
0-0: Ball 1-0: Swinging Strike 1-1: Swinging Strike 1-2: Ground out 6-3 (Groundball, 6, EV 85.6 MPH)
|
|
Batting: RHB Joe Young
|
0-0: Foul Ball, location: 2F 0-1: Ball 1-1: Ground out 4-3 (Groundball, 4, EV 111.9 MPH)
|
|
Batting: LHB Ben Goldstein
|
0-0: Called Strike 0-1: Ball 1-1: Foul Ball, location: 2F 1-2: Foul Ball, location: 2F 1-2: Ball 2-2: Ball 3-2: SINGLE (Flyball, 6D, EV 89.4 MPH)
|
|
Batting: RHB Jose Ramos
|
0-0: Ball 1-0: Ball 2-0: Ball 3-0: Called Strike 3-1: SINGLE (Line Drive, 6D, EV 94.4 MPH) Ben Goldstein to second Runner from 2nd tries for 3rd, OUT! 7-5
|
| Bottom of the 6th over - 0 runs, 2 hits, 0 errors, 1 left on base; Greensboro 5 - Atlanta (MID) 6 |
| TOP OF THE 7TH |
|
Greensboro Grasshoppers batting - Pitching for Atlanta (MID) Braves : RHP Jeremy Kasten
|
|
Pitching: RHP Nikita Eliseenko
|
|
|
Batting: RHB Jason Thrash
|
0-0: Called Strike 0-1: Ball 1-1: Foul Ball, location: 2F 1-2: Foul Ball, location: 2F 1-2: Foul Ball, location: 2F 1-2: Ground out 5-3 (Groundball, 56, EV 101.9 MPH)
|
|
Batting: RHB Harrie de Kam
|
0-0: Ground out U3 (Groundball, 34S, EV 65.0 MPH)
|
|
Batting: RHB Erik Coleman
|
0-0: SINGLE (Groundball, 34D, EV 111.2 MPH)
|
|
Batting: RHB Miguel Velasco
|
0-0: Ball 1-0: Ball 2-0: Swinging Strike 2-1: Ball 3-1: Swinging Strike 3-2: Base on Balls Erik Coleman to second
|
|
Batting: LHB Ryan Thompson
|
0-0: Ball 1-0: Called Strike 1-1: Foul Ball, location: 2F 1-2: Foul Ball, location: 2F 1-2: Ball 2-2: Foul Ball, location: 2F 2-2: Foul Ball, location: 2F 2-2: Strikes out swinging
|
| Top of the 7th over - 0 runs, 1 hit, 0 errors, 2 left on base; Greensboro 5 - Atlanta (MID) 6 |
| BOTTOM OF THE 7TH |
|
Atlanta (MID) Braves batting - Pitching for Greensboro Grasshoppers : RHP James Bitner
|
|
Batting: RHB Josh McCormick
|
0-0: Ground out 5-3 (Groundball, 5S, EV 68.1 MPH)
|
|
Batting: RHB Brandon Burrell
|
0-0: Swinging Strike 0-1: Called Strike 0-2: Ball 1-2: Strikes out swinging
|
|
Batting: RHB Badr al Din Ridha
|
0-0: Foul Ball, location: 2F 0-1: Foul Ball, location: 2F 0-2: Ball 1-2: Ball 2-2: Strikes out swinging, 2-3 out at first.
|
| Bottom of the 7th over - 0 runs, 0 hits, 0 errors, 0 left on base; Greensboro 5 - Atlanta (MID) 6 |
| TOP OF THE 8TH |
|
Greensboro Grasshoppers batting - Pitching for Atlanta (MID) Braves : RHP Nikita Eliseenko
|
|
Pitching: RHP Omar Orosco
|
|
|
Now at 2B: Ingidayehu Lagat
|
|
|
Batting: RHB Andy Kelly
|
0-0: Called Strike 0-1: Ball 1-1: Ball 2-1: Swinging Strike 2-2: Strikes out swinging
|
|
Batting: LHB Justin Blakely
|
0-0: Swinging Strike 0-1: Called Strike 0-2: Foul Ball, location: 2F 0-2: Ball 1-2: Foul Ball, location: 2F 1-2: Ball 2-2: Foul Ball, location: 2F 2-2: Ground out 4-3 (Groundball, 4, EV 108.1 MPH)
|
|
Pinch Hitting: LHB Angelo Estrella
|
0-0: Fly out, F7 (Line Drive, 7LM, EV 108.8 MPH)
|
| Top of the 8th over - 0 runs, 0 hits, 0 errors, 0 left on base; Greensboro 5 - Atlanta (MID) 6 |
| BOTTOM OF THE 8TH |
|
Atlanta (MID) Braves batting - Pitching for Greensboro Grasshoppers : RHP James Bitner
|
|
Pitching: LHP Tyler Murders
|
|
|
Now at SS: Jeremy Dennis
|
|
|
Batting: SHB Ian Arlotta
|
0-0: Called Strike 0-1: Ball 1-1: TRIPLE (Line Drive, 89XD, EV 108.1 MPH)
|
|
Batting: RHB Mike Shook
|
0-0: 2-RUN HOME RUN (Flyball, 9D, EV 97.5 MPH), Distance : 359 ft
|
|
Batting: RHB Toki Takeuchi
|
0-0: Ball 1-0: Called Strike 1-1: Ball 2-1: DOUBLE (Line Drive, 9LS, EV 95.0 MPH)
|
|
Batting: RHB Joe Young
|
0-0: Ball 1-0: Ball 2-0: Ball 3-0: Foul Ball, location: 2F 3-1: Base on Balls
|
|
Batting: LHB Ben Goldstein
|
0-0: Ball Toki Takeuchi steals 3rd base Joe Young to second 1-0: Called Strike 1-1: Ground out U3 (Groundball, 3L, EV 104.4 MPH) Toki Takeuchi scores Joe Young to third
|
|
Pitching: RHP Matt Alexander
|
|
|
Batting: RHB Ingidayehu Lagat
|
0-0: Called Strike 0-1: Ball 1-1: Foul Ball, location: 2F 1-2: Foul Ball, location: 2F 1-2: DOUBLE (Groundball, 5L, EV 100.6 MPH) Joe Young scores
|
|
Batting: RHB Josh McCormick
|
0-0: Foul Ball, location: 2F 0-1: Fly out, F7 (Flyball, 7D, EV 105.0 MPH)
|
|
Batting: RHB Brandon Burrell
|
0-0: Ball 1-0: Called Strike 1-1: Fly out, F9 (Flyball, 9LS, EV 84.4 MPH)
|
| Bottom of the 8th over - 4 runs, 4 hits, 0 errors, 1 left on base; Greensboro 5 - Atlanta (MID) 10 |
| TOP OF THE 9TH |
|
Greensboro Grasshoppers batting - Pitching for Atlanta (MID) Braves : RHP Omar Orosco
|
|
Batting: RHB Wei-guo Tsu
|
0-0: Ball 1-0: Called Strike 1-1: Ball 2-1: Called Strike 2-2: Ball 3-2: Fly out, F8 (Flyball, 78XD, EV 91.9 MPH)
|
|
Batting: RHB Jason Thrash
|
0-0: Called Strike 0-1: Called Strike 0-2: Ball 1-2: SINGLE (Flyball, 3D, EV 95.0 MPH)
|
|
Batting: RHB Harrie de Kam
|
0-0: Called Strike 0-1: Ball 1-1: Foul Ball, location: 2F 1-2: Foul Ball, location: 2F 1-2: Ball 2-2: SINGLE (Flyball, 56D, EV 94.4 MPH) Jason Thrash to second
|
|
Batting: RHB Erik Coleman
|
0-0: Ball 1-0: Swinging Strike 1-1: Ball 2-1: Grounds into double play, U5-3 (Groundball, 5L, EV 84.4 MPH)
|
| Top of the 9th over - 0 runs, 2 hits, 0 errors, 1 left on base; Greensboro 5 - Atlanta (MID) 10 |
|